 Dungeon Crawl Stone Soup version 0.30-a0-365-ge7f957f1db (webtiles) character file.

Game seed: 8299863064393599377

109 Raultor the Changer (level 4, -2/28 HPs)
             Began as an Octopode Transmuter on Nov 16, 2022.
             Succumbed to a scorpion's poison
             ... on level 4 of the Dungeon.
             The game lasted 00:03:36 (1542 turns).

Raultor the Changer (Octopode Transmuter)           Turns: 1542, Time: 00:03:37

Health: -2/28      AC:  1    Str: 11    XL:     4   Next: 89%
Magic:  7/7        EV: 13    Int: 15    God:
Gold:   74         SH:  0    Dex: 12    Spells: 0/7 levels left

rFire   . . .      SeeInvis .      - Unarmed
rCold   . . .      Faith    .    (no shield)
rNeg    . . .      Spirit   .    (helmet currently unavailable)
rPois   .          Reflect  .    (no amulet)
rElec   .          Harm     .    (no ring)
rCorr   .          Rampage  .    (no ring)
Will    .....                    (no ring)
Stlth   ++........               (no ring)
HPRegen 0.24/turn                (no ring)
MPRegen 0.10/turn                (no ring)
                                 (no ring)
                                 (no ring)

@: lethally poisoned (-2 -> -22), appendages (expiring)
A: tentacle spike 3, almost no armour, amphibious, 8 rings, camouflage 1,
gelatinous body 1, (nimble swimmer 1), tentacles
a: End Transformation


You were on level 4 of the Dungeon.
One of your tentacles had grown a beastly spike.
You visited 1 branch of the dungeon, and saw 3 of its levels.

You collected 74 gold pieces.


Innate Abilities, Weirdness & Mutations

One of your tentacles has grown a beastly spike.
You cannot wear most types of armour.
You are amphibious.
You can wear up to eight rings at the same time.
Your skin changes colour to match your surroundings (Stealth+).
Your rubbery body absorbs attacks. (AC +1, EV +1)
((You are camouflaged when in or above water. (Stealth+)))
You have tentacles for arms and can constrict up to eight enemies at once.


   Skills:
 - Level 1.0 Fighting
 - Level 2.0 Dodging
 - Level 3.0 Unarmed Combat
 - Level 2.0 Spellcasting
 + Level 4.5 Transmutations
 * Level 1.5 Ice Magic


You couldn't memorise any spells.
You knew the following spells:

 Your Spells              Type           Power      Damage    Failure   Level
b - Beastly Appendage     Tmut           30%        N/A       3%          1
c - Ice Form              Ice/Tmut       10%        N/A       54%         4
w - Wereblood             Tmut           15%        N/A       5%          2

Your spell library contained the following spells:

 Spells                   Type           Power      Damage    Failure   Level
 Magic Dart               Conj           4%         1d3       22%         1
 Spider Form              Tmut/Pois      8%         N/A       26%         3
 Call Imp                 Summ           1%         N/A       32%         2
 Mephitic Cloud           Conj/Pois/Air  1%         N/A       54%         3

Inventory:

Magical Staves
 b - a staff of death {!a}
Scrolls
 d - a scroll of blinking {unknown}
 f - 2 scrolls of amnesia {unknown}
 g - a scroll of vulnerability {unknown}
 i - 2 scrolls of immolation {unknown}
 j - a scroll of fear {unknown}
 k - a scroll of identify {unknown}
 l - a scroll of fog {unknown}
Potions
 a - a potion of lignification
 c - a potion of resistance {unknown}
 e - 2 potions of curing {unknown}
 h - a potion of might {unknown}

Dungeon Overview and Level Annotations

Branches:
Dungeon (2/15)

Altars:

Annotations:
D:4 3 runed translucent doors, mopl's ghost, weakling BaDe

....... #######.......
▒▒▒▒▒▒▒▒▒.............
..▒W▒.Z▒....#........
#...▒▒..!$.▒▒....#........
#...▒.......▒....#........
#...▒▒.....▒▒....#....S...
#...▒.Z.....▒.†@..........
#...▒▒▒+++▒▒▒....#.#+#####
#..........#######.#
##..........# #.#
.'........### #.#
##.......## #.# ######.##
#.# #.# #.#
#.###########.#


You could see a ball python (asleep).


Message History

You tentacle-slap the scorpion. Your grab misses the scorpion.
The scorpion is moderately wounded.
You feel sick. The scorpion completely misses you.
You tentacle-slap the scorpion. You grab the scorpion.
You pierce the scorpion, but do no damage.
Your squeeze misses the scorpion.
The scorpion is severely wounded.
You constrict the scorpion, but do no damage.
You feel sick. The scorpion stings you.
You are more poisoned.
The scorpion poisons you!
You tentacle-slap the scorpion but do no damage.
The scorpion is severely wounded.
You constrict the scorpion, but do no damage.
You feel sick. The scorpion stings you!
* * * LOW HITPOINT WARNING * * *
You are more poisoned.
The scorpion poisons you!
You tentacle-slap the scorpion but do no damage.
You squeeze the scorpion.
The scorpion is severely wounded.
Your transformation is almost over.
You constrict the scorpion.
* * * LOW HITPOINT WARNING * * *
You feel very sick.
The scorpion stings you but does no damage.
You tentacle-slap the scorpion but do no damage.
You pierce the scorpion.
You squeeze the scorpion.
You kill the scorpion!
You die...

Skill      XL: |  1  2  3  4 |
---------------+-------------+-----
Transmutations | 3 4 |  4.5
Ice Magic      | 1 |  1.5
Fighting       | |  1.0
Dodging        | |  2.0
Unarmed Combat | |  3.0
Spellcasting   | |  2.0

Action                   |  1- 3 |  4- 6 || total
-------------------------+-------+-------++-------
Melee: Unarmed           |    76 |    19 ||    95
       Constrict         |    23 |     3 ||    26
       Tentacles         |    11 |     7 ||    18
       Punch             |     3 |     1 ||     4
       Kick              |     1 |     2 ||     3
 Cast: Beastly Appendage |     1 |     2 ||     3
 Stab: Sleeping          |     2 |     4 ||     6
Armor: Skin              |     6 |     1 ||     7
Dodge: Dodged            |    54 |     8 ||    62

Levels and vault maps discovered:
D:1:      minmay_arrival_jagged, layout_loops_ring,
          chequers_ecumenical_altar_island, kennysheep_crisscross
D:2:      wander_river, layout_loops_corners, roderic_roman_lattice,
          minmay_misc_feat_encased
D:4:      layout_basic, zin_purify, mainiacjoe_overflow_catwalk_spiral,
          gammafunk_ghost_necromancy, gup_sewer_entry_bubbles, minivault_5,
          uniq_duvessa

Notes
Turn   | Place    | Note
-------+----------+-------------------------------------------
     0 | D:1      | Raultor the Octopode Transmuter began the quest for the
                  | Orb.
     0 | D:1      | Reached XP level 1. HP: 13/13 MP: 3/3
    28 | D:1      | Found a faded altar of an unknown god.
   137 | D:1      | Reached XP level 2. HP: 18/18 MP: 5/5
   143 | D:1      | Learned a level 2 spell: Wereblood
   297 | D:1      | Reached skill level 3 in Transmutations
   555 | D:1      | Reached XP level 3. HP: 23/23 MP: 6/6
  1139 | D:2      | Reached skill level 4 in Transmutations
  1296 | D:2      | Reached XP level 4. HP: 23/28 MP: 7/7
  1301 | D:2      | Learned a level 4 spell: Ice Form
  1453 | D:2      | You fall into a shaft and drop 2 floors!
  1465 | D:4      | Reached skill level 1 in Ice Magic
  1493 | D:4      | Found a runed translucent gate.
  1494 | D:4      | Found a runed translucent gate.
  1495 | D:4      | Found a runed translucent gate.
  1501 | D:4      | Noticed mopl's ghost (weakling BaDe)
  1530 | D:4      | Noticed a scorpion
  1541 | D:4      | HP: 1/28 [poisoned by a scorpion]
  1542 | D:4      | Killed a scorpion
  1542 | D:4      | Succumbed to a scorpion's poison

Vanquished Creatures
  A scorpion (D:4)
  A hound (D:4)
  4 adders
  2 dart slugs
  An endoplasm (D:1)
  A giant cockroach (D:2)
  2 hobgoblins
  5 quokkas
  4 ball pythons
  6 bats
  A frilled lizard (D:1)
  2 goblins
  4 kobolds
  10 rats
44 creatures vanquished.

Table legend: (Time is in decaauts)
 A = Elapsed time spent in this place.
 B = Non-inter-level travel time spent in this place.
 C = Inter-level travel time spent in this place.
 D = Time resting spent in this place.
 E = Time spent auto-exploring this place.
 F = Levels seen in this place.
 G = Mean time per level.
                   A        B        C        D        E       F      G
               +--------+--------+--------+--------+--------+-----+--------+
         Total |   1537 |   1514 |     23 |      0 |   1147 |   3 |  512.3 |
       Dungeon |   1537 |   1514 |     23 |      0 |   1147 |   3 |  512.3 |
               +--------+--------+--------+--------+--------+-----+--------+

Top non-repeatable levels by time:
     D:2: 744 daAuts
     D:1: 705 daAuts
     D:4: 88 daAuts

Table legend:
 A = Non-vault XP
 B = Vault XP
 C = Vault XP percentage of total XP
 D = Non-vault monster count
 E = Vault monster count
 F = Vault count percentage of total count
                 A         B        C        D         E       F
            +---------+---------+-------+---------+---------+-------
      Total |     239 |       0 |   0.0 |      44 |       0 |   0.0
            +---------+---------+-------+---------+---------+-------
        D:1 |      35 |       0 |   0.0 |      24 |       0 |   0.0
        D:2 |      63 |       0 |   0.0 |      16 |       0 |   0.0
        D:4 |     141 |       0 |   0.0 |       4 |       0 |   0.0
            +---------+---------+-------+---------+---------+-------
